Map: Torres crepusculares

Players

xXkazperXx - Winner!

  • Race: Zerg Zerg
  • League: Bronze

kingkunta

  • Race: Protoss Protoss
  • League: Bronze

VOD

Have the link to the VOD?

Description

Time

  • Played on: April 10, 2016, 2:10 a.m.
  • Length: 9:15
Show
View Real Time Build Order
Export as new Build Order

xXkazperXx Zerg - Winner!

Build Orders: Pool First 

Get SALT Encoding   

  12  0:01  Drone  
  13  0:15  Overlord  
  13  0:21  Drone  
  14  0:35  Spawning Pool  
  13  0:37  Drone  
  13  0:42  Drone  
  15  0:50  Extractor  
  15  0:51  Drone  
  15  0:52  Drone  
  16  1:01  Drone  
  17  1:22  Queen  
  17  1:23  Zergling x2  
  17  1:24  Zergling x2  
  21  1:41  Drone, Roach Warren  
  21  1:44  Drone  
  22  2:05  Overlord  
  22  2:25  Roach x3  
  28  2:42  Overlord  
  28  2:43  Drone x2  
  30  3:07  Overlord, Roach x4  
  38  3:28  Lair  
  38  3:31  Roach x2  
  42  3:42  Zergling x6  
  45  4:24  Overlord x2  
  45  4:33  Spire  
  40  5:11  Roach  
  40  5:12  Roach x2  
  45  5:49  Mutalisk  
  37  6:36  Zergling x6  
  40  6:48  Hatchery  
  40  6:51  Mutalisk  
  40  6:54  Hatchery  
  40  6:58  Burrow  
  40  7:05  Evolution Chamber  
  39  7:09  Extractor  
  38  7:20  Extractor  
  37  7:26  Extractor  
  37  7:27  Mutalisk  
  38  7:30  Zergling x10  
Show
View Real Time Build Order
Export as new Build Order

kingkunta Protoss 

Build Orders:  

Get SALT Encoding   

  12  0:04  Probe (Chrono Boost)  
  13  0:19  Pylon  
  13  0:26  Assimilator  
  13  0:40  Gateway  
  13  0:50  Forge  
  13  0:52  Probe (Chrono Boost)  
  14  1:07  Pylon  
  14  1:17  Probe (Chrono Boost)  
  15  1:28  Probe (Chrono Boost)  
  15  1:29  Zealot  
  18  1:38  Probe (Chrono Boost)  
  18  1:39  Gateway  
  19  1:57  Photon Cannon  
  19  2:15  Cybernetics Core  
  19  2:18  Zealot  
  21  2:48  Probe (Chrono Boost)  
  22  2:55  Assimilator  
  22  3:06  Adept  
  22  3:07  Adept  
  26  3:29  Pylon  
  26  3:33  Adept  
  28  3:41  Warp Gate (Chrono Boost)  
  28  3:50  Nexus  
  27  4:11  Photon Cannon  
  27  4:23  Mothership Core (Chrono Boost), Pylon  
  29  4:31  Stalker  
  29  4:37  Zealot  
  33  4:41  Probe (Chrono Boost)  
  28  4:53  Probe  
  28  4:57  Assimilator  
  25  5:03  Assimilator  
  25  5:05  Probe, Pylon  
  28  5:10  Pylon  
  24  5:14  Pylon  
  24  5:17  Probe  
  21  5:37  Stalker  
  14  6:06  Stalker  
  12  6:29  Probe  
  13  6:34  Probe  
  14  6:41  Probe  
  14  6:44  Probe  
  16  6:53  Probe  
  17  6:55  Probe  
  18  7:05  Probe x2, Pylon  
  18  7:07  Stalker  
  20  7:16  Probe  
  20  7:17  Probe  
  22  7:29  Stargate  
  22  7:39  Stargate  
  22  7:45  Probe  
  22  7:49  Probe  
  24  7:57  Probe  
  25  8:00  Probe  
  26  8:21  Probe  
  23  8:31  Probe  
  24  8:42  Probe  
  25  8:52  Probe  
  13  9:03  Probe  
Tags
 
Add a new tag
Caveats
  • Supply blocks, unpowered buildings, or Contaminate may cause inaccurate times.
  • Supply counts are checked every 10 seconds.